 Dungeon Crawl Stone Soup version 0.30-a0-964-gd452b5e7fa (webtiles) character file.

Game seed: 15616943367370896059

176 pokeman the Magician (level 5, -3/29 HPs)
             Began as a Deep Elf Hedge Wizard on Mar 30, 2023.
             Killed by divine providence
             ... invoked by an orc priest
              (14 damage)
             ... on level 4 of the Dungeon.
             The game lasted 00:04:56 (3226 turns).

pokeman the Magician (Deep Elf Hedge Wizard)        Turns: 3226, Time: 00:04:57

Health: -3/29      AC:  2    Str: 13    XL:     5   Next: 30%
Magic:  9/15       EV: 18    Int: 21    God:
Gold:   152        SH:  0    Dex: 14    Spells: 5/16 levels left

rFire   . . .      SeeInvis .    e - +1 dagger (venom)
rCold   . . .      Faith    .    (no shield)
rNeg    . . .      Spirit   .    b - +0 robe
rPois   .          Reflect  .    c - +0 hat
rElec   .          Rampage  .    (no cloak)
rCorr   .                        (no gloves)
Will    .....                    (no boots)
Stlth   ++                       (no amulet)
HPRegen 0.24/turn                a - +6 ring of strength
MPRegen 0.14/turn                h - +5 ring of evasion

@: very slightly contaminated
A: no striking features
a: no special abilities


You were on level 4 of the Dungeon.
You visited 1 branch of the dungeon, and saw 4 of its levels.

You collected 152 gold pieces.

Inventory:

Hand Weapons
 e - a +1 dagger of venom (weapon)
 o - a +1 dagger of electrocution
Armour
 b - a +0 robe (worn)
 c - a +0 hat (worn)
Jewellery
 a - a +6 ring of strength (left hand)
 h - a +5 ring of evasion (right hand)
 q - an amulet of faith
Scrolls
 f - a scroll of blinking {unknown}
 g - 2 scrolls of identify {unknown}
 k - a scroll of fear {unknown}
 m - a scroll of summoning {unknown}
 n - 2 scrolls of magic mapping {unknown}
 r - a scroll of noise {unknown}
 s - a scroll of brand weapon {unknown}
 t - a scroll of teleportation {unknown}
 v - a scroll of enchant armour {unknown}
 w - a scroll of immolation {unknown}
Potions
 d - a potion of magic
 i - a potion of brilliance {unknown}
 j - 4 potions of curing {unknown}
 l - a potion of invisibility {unknown}
 p - a potion of degeneration {unknown}
 u - a potion of might {unknown}
 x - a potion of heal wounds {unknown}


   Skills:
 - Level 1.0 Fighting
 - Level 1.0 Armour
 - Level 3.0 Dodging
 - Level 3.0 Stealth
 * Level 6.1 Spellcasting
 + Level 2.6 Conjurations
 - Level 1.1 Summonings
 - Level 1.1 Translocations
 + Level 0.4 Air Magic
 + Level 0.4 Earth Magic
 + Level 0.3 Poison Magic


You had 5 spell levels left.
You knew the following spells:

 Your Spells              Type           Power      Damage    Failure   Level
a - Magic Dart            Conj           68%        1d6       3%          1
b - Mephitic Cloud        Conj/Pois/Air  11%        N/A       19%         3
c - Call Imp              Summ           11%        N/A       10%         2
d - Blink                 Tloc           22%        N/A       10%         2
e - Stone Arrow           Conj/Erth      24%        3d8       16%         3

Your spell library contained the following spells:

 Spells                   Type           Power      Damage    Failure   Level
 Shock                    Conj/Air       48%        1d6       4%          1
 Momentum Strike          Conj/Tloc      28%        3d8       7%          2
 Sandblast                Erth           16%        2d6       9%          1
 Slow                     Hex            24%        N/A       10%         1
 Lesser Beckoning         Tloc           22%        N/A       10%         2
 Cigotuvi's Dreadful Rot  Necr/Pois/Air  14%        N/A       13%         2
 Passwall                 Tmut/Erth      5%         N/A       14%         2
 Swiftness                Air            8%         N/A       24%         3
 Airstrike                Air            4%         2d(1-17)  63%         4
 Iskenderun's Battlesphe  Conj           17%        2d7       65%         5
 Fireball                 Conj/Fire      6%         3d5       83%         5
 Conjure Ball Lightning   Conj/Air       6%         3x3d6     100%        6
 Orb of Destruction       Conj           8%         9d6       100%        7


Dungeon Overview and Level Annotations

Branches:
Dungeon (4/15)
 Temple: D:4-7

Altars:
Zin


Message History

The orc priest is engulfed in noxious fumes.
The orc priest appears confused.
An orc wizard comes into view. It is wielding a +0 dagger.
Unknown command.
Unknown command.
The orc priest is engulfed in noxious fumes.
An orc priest comes into view. It is wielding a +0 club.
You see here a fuming black potion.
x - a fuming black potion The orc priest is engulfed in noxious fumes.
The orc priest appears confused.
The orc priest hits you with a +4 mace.
The orc wizard gestures wildly while chanting.
The orc wizard flickers and vanishes!
Deactivating autopickup; reactivate with Ctrl-A.
Unknown command.
You hit the orc priest.
The orc priest is poisoned.
The orc priest is lightly wounded.
The orc priest is engulfed in noxious fumes.
The orc priest appears confused.
The orc priest miscasts a cantrip.
You catch the helpless orc priest completely off-guard!
You puncture the orc priest!
The orc priest looks as sick as possible!
The orc priest is severely wounded.
The orc priest misses you.
You hit the orc priest.
The orc priest is almost dead.
You kill the orc priest!
Unknown command.
You closely miss the goblin.
The goblin is heavily wounded.
The goblin closely misses you. Something hits you but does no damage.
The orc priest calls down the wrath of Beogh upon you.
Beogh smites you!
Unknown command.
You closely miss something. The goblin completely misses you.
Something hits you.
The orc priest mumbles some strange prayers to Beogh against you.
Beogh smites you!
You die...

......~~~♣~P##........)
......~♣~~~..#...#......
#.....~~~~...#..##..#...
#.....~~...♣..###..##..
.......♣.P♣#### #..# ..
..<......P.# .... .
...#....♣#..... .##..
##PP.# #.#.... .# #..@.#
.# ## #.....{g## .#
###.....# . .....##..
....# .o. .... .... #..
..... .. ......


You could see an orc priest and a goblin.

Vanquished Creatures
  An orc priest (D:4)
  An iguana (D:4)
  2 gnolls (D:4)
  3 adders (D:2)
  A worm (D:3)
  A dart slug (D:2)
  An orc (D:3)
  8 ball pythons
  4 bats
  8 giant cockroaches
  5 hobgoblins
  6 jackals
  5 quokkas
  2 frilled lizards
  5 goblins
  6 kobolds
  9 rats
68 creatures vanquished.

Vanquished Creatures (collateral kills)
  An endoplasm (D:4)
1 creature vanquished.

Grand Total: 69 creatures vanquished

Notes
Turn   | Place    | Note
-------+----------+-------------------------------------------
     0 | D:1      | pokeman the Deep Elf Hedge Wizard began the quest for the
                  | Orb.
     0 | D:1      | Reached XP level 1. HP: 10/10 MP: 7/7
   350 | D:1      | Reached XP level 2. HP: 15/15 MP: 6/9
   984 | D:1      | Reached skill level 5 in Spellcasting
  1225 | D:2      | Reached XP level 3. HP: 20/20 MP: 7/11
  1229 | D:2      | Learned a level 3 spell: Mephitic Cloud
  1232 | D:2      | Learned a level 2 spell: Call Imp
  1235 | D:2      | Learned a level 2 spell: Blink
  1239 | D:2      | Learned a level 3 spell: Stone Arrow
  1553 | D:2      | Reached skill level 1 in Fighting
  1553 | D:2      | Reached skill level 1 in Armour
  1959 | D:2      | Reached XP level 4. HP: 15/25 MP: 4/13
  2810 | D:4      | Found a glowing silver altar of Zin.
  2903 | D:4      | Reached skill level 6 in Spellcasting
  2903 | D:4      | Reached XP level 5. HP: 9/29 MP: 0/15
  3226 | D:4      | Killed from afar by an orc priest

Illustrated notes

Levels and vault maps discovered:
D:1:      matt_arrival_diagonals, layout_basic
D:2:      layout_basic, kennysheep_path_1
D:3:      layout_rooms, feat_on_display
D:4:      layout_cave_pools, lemuel_crystal_altar, serial_bayou_pond_a

Skill      XL: |  1  2  3  4 |
---------------+-------------+-----
Spellcasting   | 5 6 |  6.1
Conjurations   | 2 |  2.6
Fighting       | 1 |  1.0
Armour         | 1 |  1.0
Stealth        | 3 |  3.0
Dodging        | 3 |  3.0
Summonings     | |  1.1
Translocations | |  1.1
Air Magic      | |  0.4
Earth Magic    | |  0.4
Poison Magic   | |  0.3

Action                     |  1- 3 |  4- 6 || total
---------------------------+-------+-------++-------
  Melee: Dagger            |     2 |    21 ||    23
         Punch             |       |     1 ||     1
   Cast: Magic Dart        |   107 |    64 ||   171
         Mephitic Cloud    |       |     4 ||     4
         Call Imp          |       |     1 ||     1
   Stab: Sleeping          |     1 |     1 ||     2
         Confused          |       |     2 ||     2
 Armour: Robe              |     3 |     3 ||     6
  Dodge: Dodged            |    33 |    24 ||    57

Table legend: (Time is in decaauts)
 A = Elapsed time spent in this place.
 B = Non-inter-level travel time spent in this place.
 C = Inter-level travel time spent in this place.
 D = Time resting spent in this place.
 E = Time spent auto-exploring this place.
 F = Levels seen in this place.
 G = Mean time per level.
                   A        B        C        D        E       F      G
               +--------+--------+--------+--------+--------+-----+--------+
         Total |   3224 |   3146 |     78 |    225 |   2522 |   4 |  806.0 |
       Dungeon |   3224 |   3146 |     78 |    225 |   2522 |   4 |  806.0 |
               +--------+--------+--------+--------+--------+-----+--------+

Top non-repeatable levels by time:
     D:1: 1108 daAuts
     D:2: 1026 daAuts
     D:3: 653 daAuts
     D:4: 436 daAuts
